Map: 瑟拉斯废墟

Players

TIME (Oliveira)

  • Race: Terran Terran
  • League: Master

iGJim - Winner!

  • Race: Protoss Protoss
  • League: Master

Event: GPL 2015 - Grand Finals

VOD

Have the link to the VOD?

Description

Time

  • Played on: Jan. 16, 2016, 8:13 a.m.
  • Length: 20:40

All games in this series

Show
View Real Time Build Order
Export as new Build Order

TIME Terran 

Build Orders: 1/1/1, Liberator Opening 

Get SALT Encoding   

  12  0:00  SCV  
  13  0:13  SCV  
  14  0:18  Supply Depot  
  14  0:25  SCV  
  15  0:39  SCV  
  15  0:41  Barracks  
  16  0:46  Refinery  
  16  0:52  SCV  
  16  0:55  Refinery  
  17  1:04  SCV  
  18  1:16  SCV  
  19  1:27  Marine  
  19  1:28  Orbital Command  
  20  1:34  Factory  
  20  1:43  Supply Depot  
  20  1:48  Barracks Reactor  
  21  1:54  SCV  
  21  2:06  SCV  
  22  2:18  SCV  
  22  2:20  Starport, Widow Mine  
  25  2:25  Marine x2  
  27  2:31  Supply Depot  
  27  2:33  SCV  
  28  2:43  Marine x2  
  30  2:45  SCV  
  30  2:49  Factory Tech Lab  
  31  2:57  Medivac  
  33  3:00  Marine x2  
  33  3:05  Supply Depot  
  35  3:10  Liberator  
  35  3:13  Cyclone  
  35  3:19  Marine  
  39  3:26  Marine  
  43  3:39  Marine  
  44  3:58  Command Center  
  44  3:59  Siege Tank  
  47  4:07  Supply Depot  
  47  4:19  Marine  
  47  4:29  Marine  
  48  4:34  Siege Tank  
  48  4:36  Marine  
  55  4:40  Supply Depot  
  55  4:57  Barracks  
  55  5:02  SCV  
  47  5:14  SCV  
  47  5:19  Viking x2  
  47  5:20  Barracks Tech Lab  
  48  5:24  Orbital Command  
  48  5:25  Supply Depot  
  48  5:26  SCV  
  52  5:38  SCV  
  52  5:39  Marine  
  52  5:40  Combat Shields  
  54  5:45  Marine  
  54  5:49  Viking  
  54  5:50  Viking  
  57  5:57  SCV x2  
  57  5:59  Marine  
  59  6:09  SCV x2  
  61  6:17  Supply Depot  
  59  6:19  Viking  
  59  6:20  Viking  
  59  6:22  Marine, Barracks Reactor  
  59  6:24  SCV x2  
  66  6:32  Barracks  
  66  6:36  Refinery, SCV  
  66  6:37  SCV  
  68  6:42  Factory Reactor  
  68  6:43  Marine  
  69  6:48  SCV  
  69  6:50  Engineering Bay  
  69  6:53  SCV  
  71  6:56  Viking  
  72  7:01  Viking  
  72  7:03  Marine  
  72  7:04  Marine  
  72  7:05  Marine  
  73  7:17  SCV  
  73  7:21  Marine  
  73  7:22  Marine  
  76  7:23  Marine  
  76  7:26  Widow Mine x2  
  76  7:29  SCV  
  80  7:30  Terran Infantry Weapons Level 1  
  80  7:33  Medivac  
  80  7:36  Marine  
  82  7:38  Marine  
  82  7:39  Refinery  
  82  7:40  Supply Depot, Marine  
  82  7:43  Marine  
  86  7:44  Medivac  
  86  7:46  SCV  
  86  7:49  SCV  
  88  7:54  Marine  
  88  7:56  Marine  
  88  7:57  Widow Mine x2  
  92  7:58  SCV  
  92  8:02  SCV  
  92  8:09  Stimpack, Marine  
  92  8:10  SCV  
  92  8:11  Marine  
  92  8:18  SCV  
  93  8:23  Command Center  
  93  8:33  Marine, Viking x2  
  98  8:40  Marine x2, Widow Mine  
  102  8:45  Supply Depot  
  102  8:47  Supply Depot  
  102  9:06  Supply Depot  
  102  9:07  Medivac x2, Marine x4  
  102  9:09  SCV x2  
  112  9:13  Widow Mine x2  
  112  9:16  Supply Depot  
  116  9:23  Barracks  
  116  9:27  Marine  
  116  9:29  Barracks  
  117  9:35  Missile Turret  
  117  9:38  SCV x2  
  117  9:42  Barracks  
  117  9:43  Marauder  
  120  9:50  SCV  
  120  9:51  SCV, Terran Infantry Armor Level 1  
  120  9:58  Marauder  
  120  9:59  Marine x2  
  124  10:04  Orbital Command  
  124  10:10  Marauder  
  126  10:19  Barracks Tech Lab, Marauder  
  126  10:20  SCV  
  126  10:21  Widow Mine x2  
  126  10:27  Viking  
  130  10:31  Barracks Reactor  
  130  10:36  Marine x2  
  130  10:37  Marauder  
  134  10:45  SCV x2  
  134  10:48  Marauder  
  138  10:54  Armory, Engineering Bay  
  138  10:55  Widow Mine  
  138  10:56  Marauder  
  142  11:00  SCV  
  142  11:02  Starport  
  142  11:04  SCV  
  143  11:05  Supply Depot  
  143  11:06  Marine  
  143  11:09  Marauder  
  143  11:10  SCV  
  147  11:18  Marine  
  147  11:22  Marine  
  147  11:23  SCV, Marauder  
  134  11:25  Widow Mine  
  134  11:26  Widow Mine  
  134  11:32  Viking x2  
  142  11:34  SCV  
  141  11:48  Marine x3, Marauder x3  
  141  11:49  SCV  
  141  11:52  Marine  
  140  11:59  Starport Reactor  
  140  12:00  Terran Infantry Weapons Level 2  
  138  12:05  Terran Ship Weapons Level 1  
  138  12:10  Marine x3  
  138  12:13  Viking  
  137  12:17  Marine  
  137  12:18  Marauder  
  140  12:24  Marauder x2, Widow Mine  
  140  12:28  Marine  
  129  12:35  Viking, Widow Mine  
  124  12:37  Marine x3  
  124  12:42  Marauder  
  129  12:47  Refinery, Viking  
  129  12:50  Viking  
  132  12:52  Orbital Command  
  132  12:55  Viking  
  132  12:58  Marine x4  
  137  13:03  Marine x3  
  141  13:09  Widow Mine  
  141  13:12  Viking  
  145  13:18  Marine x4  
  145  13:24  Viking, Marauder  
  145  13:25  Viking  
  145  13:36  Marine  
  145  13:37  Marauder  
  126  13:41  Viking  
  126  13:42  Marine x3  
  126  13:43  Marauder  
  128  13:53  Viking  
  128  13:54  Marine x3  
  131  13:58  Marine  
  131  14:00  Marine  
  131  14:05  Marine x2  
  131  14:08  Marine  
  134  14:11  Marine  
  134  14:12  Marine, Viking x3  
  134  14:14  Marine  
  104  14:32  Marine  
  104  14:33  Marine  
  104  14:35  Marine  
  98  14:39  Marine  
  98  14:41  Marine  
  98  14:42  Marine x2  
  98  14:46  Marine  
  98  14:49  Marine  
  98  14:51  Marine  
  97  14:53  Marine  
  97  14:57  Marine  
  97  14:58  Medivac  
  97  15:02  Medivac  
  99  15:12  Marine  
  99  15:13  Marine x2  
  104  15:14  Marauder  
  104  15:19  Medivac, Marine x2  
  108  15:37  Marine x3  
  108  15:39  Medivac  
  113  15:43  Command Center  
  113  15:52  Refinery  
  113  16:00  Marine x3  
  113  16:01  Marine  
  113  16:02  Medivac, Marine x2  
  113  16:03  Marine  
  122  16:04  Marine  
  123  16:17  Viking x2  
  125  16:21  Marine  
  125  16:23  Marine  
  126  16:27  Marine  
  126  16:30  Marauder  
  125  16:35  Viking  
  125  16:38  SCV  
  128  16:48  Marauder  
  128  16:51  Marine x3  
  133  16:58  Supply Depot  
  133  17:06  Marine  
  110  17:08  Marine  
  110  17:09  SCV, Marauder  
  110  17:13  Medivac  
  111  17:19  Medivac  
  95  17:23  Marine x2  
  95  17:27  Medivac  
  99  17:34  Medivac  
  99  17:37  Marine x2  
  96  17:53  Marine x2  
  96  17:56  Medivac, Marauder x2  
  96  17:58  Marine x2  
  101  18:06  Viking  
  101  18:10  Marauder  
  101  18:12  Widow Mine  
  102  18:15  Marine, Widow Mine  
  100  18:23  Marauder  
  97  18:27  Marine  
  97  18:30  Marine  
  97  18:33  SCV  
  97  18:34  Marine  
  97  18:37  Marine  
  97  18:40  Marine  
  94  18:42  Marine  
  94  18:45  Marine  
  94  18:47  Marine  
  97  18:55  Marine  
  91  19:05  Marine  
  91  19:09  Marine  
  93  19:12  Marine  
  93  19:15  Marine x3  
  95  19:21  Marine  
  94  19:28  Marine  
  97  19:33  Marine x2  
  95  19:40  Marine  
  95  19:43  Marine  
  94  19:46  Marine  
  94  19:51  Marine  
  87  19:57  Marine  
  87  19:58  Marine  
  83  20:01  Marine  
  67  20:10  Marine x2  
  59  20:15  Marine  
Show
View Real Time Build Order
Export as new Build Order

iGJim Protoss - Winner!

Build Orders: 1 Gate Expand, Phoenix Opening 

Get SALT Encoding   

  12  0:00  Probe (Chrono Boost)  
  13  0:11  Probe (Chrono Boost)  
  14  0:17  Pylon  
  14  0:22  Probe (Chrono Boost)  
  16  0:35  Probe (Chrono Boost)  
  16  0:36  Gateway  
  16  0:46  Probe (Chrono Boost)  
  16  0:49  Assimilator  
  17  0:57  Probe (Chrono Boost)  
  18  1:07  Probe (Chrono Boost)  
  19  1:18  Probe (Chrono Boost)  
  20  1:25  Nexus  
  20  1:35  Cybernetics Core  
  20  1:37  Probe (Chrono Boost)  
  21  1:41  Assimilator  
  21  1:48  Probe (Chrono Boost)  
  21  1:52  Pylon  
  22  1:58  Probe (Chrono Boost)  
  23  2:10  Probe (Chrono Boost)  
  23  2:14  Stargate  
  24  2:20  Assimilator  
  24  2:21  Probe (Chrono Boost)  
  25  2:25  Adept  
  27  2:31  Probe (Chrono Boost)  
  29  2:37  Probe (Chrono Boost)  
  29  2:42  Probe (Chrono Boost)  
  30  2:47  Probe (Chrono Boost)  
  31  2:52  Adept, Probe (Chrono Boost)  
  31  2:55  Phoenix (Chrono Boost)  
  36  2:59  Probe (Chrono Boost)  
  36  3:05  Mothership Core (Chrono Boost)  
  39  3:16  Phoenix  
  39  3:17  Pylon  
  41  3:24  Probe (Chrono Boost)  
  41  3:26  Probe (Chrono Boost)  
  43  3:38  Fleet Beacon  
  43  3:40  Probe (Chrono Boost)  
  44  3:43  Probe (Chrono Boost)  
  45  3:48  Pylon  
  45  3:53  Probe (Chrono Boost)  
  45  3:55  Probe (Chrono Boost)  
  47  4:01  Pylon  
  47  4:05  Probe (Chrono Boost)  
  48  4:12  Probe (Chrono Boost)  
  48  4:13  Stargate  
  50  4:17  Probe (Chrono Boost)  
  50  4:18  Tempest (Chrono Boost), Assimilator  
  52  4:26  Probe (Chrono Boost)  
  52  4:27  Adept  
  52  4:28  Probe (Chrono Boost)  
  56  4:35  Pylon  
  56  4:40  Pylon  
  56  4:43  Probe (Chrono Boost)  
  57  4:50  Probe (Chrono Boost)  
  54  4:58  Tempest (Chrono Boost)  
  56  5:08  Stargate  
  56  5:12  Probe  
  56  5:13  Probe  
  58  5:16  Pylon  
  58  5:18  Warp Gate  
  58  5:19  Pylon  
  58  5:29  Forge  
  61  5:35  Oracle (Chrono Boost)  
  61  5:39  Pylon  
  61  5:41  Probe  
  61  5:42  Pylon  
  61  5:43  Probe  
  61  5:48  Adept  
  65  5:52  Tempest (Chrono Boost)  
  68  6:04  Photon Cannon  
  68  6:12  Tempest (Chrono Boost)  
  72  6:20  Twilight Council  
  72  6:22  Gateway  
  72  6:23  Gateway  
  72  6:26  Gateway  
  72  6:27  Gateway  
  72  6:34  Tempest (Chrono Boost)  
  76  6:49  Photon Cannon  
  76  6:52  Photon Cannon  
  76  6:54  Photon Cannon  
  76  6:55  Tempest (Chrono Boost)  
  80  7:11  Tempest (Chrono Boost)  
  76  7:32  Tempest (Chrono Boost)  
  76  7:38  Resonating Glaives (Chrono Boost)  
  76  7:40  Adept  
  76  7:43  Adept  
  75  8:00  Tempest (Chrono Boost)  
  76  8:19  Tempest (Chrono Boost)  
  80  8:23  Nexus  
  80  8:24  Pylon  
  80  8:27  Pylon  
  80  8:28  Adept x4  
  88  8:35  Assimilator  
  88  8:38  Assimilator  
  88  8:44  Photon Cannon  
  88  8:46  Tempest (Chrono Boost)  
  88  8:48  Pylon  
  92  9:00  Protoss Ground Armor Level 1  
  92  9:12  Probe x2  
  92  9:14  Tempest (Chrono Boost)  
  98  9:24  Probe  
  98  9:27  Probe  
  100  9:33  Tempest (Chrono Boost)  
  100  9:34  Probe  
  100  9:36  Probe  
  106  9:46  Adept x4  
  106  9:47  Adept  
  114  9:53  Photon Cannon  
  114  9:56  Templar Archives  
  114  9:57  Probe  
  114  9:58  Probe x2  
  117  10:08  Tempest (Chrono Boost)  
  121  10:21  Adept x4  
  125  10:28  Psionic Storm  
  128  10:32  Tempest (Chrono Boost)  
  132  10:44  Sentry  
  132  10:46  Pylon, Probe x2  
  132  10:48  Probe  
  135  10:54  High Templar  
  135  10:56  Adept x2  
  141  11:00  Pylon  
  141  11:03  Robotics Facility  
  123  11:30  Adept x3  
  123  11:31  Adept x2  
  119  11:34  Mothership Core  
  119  11:37  Tempest  
  119  11:38  Tempest  
  125  11:40  Photon Cannon  
  129  11:58  Observer (Chrono Boost)  
  124  12:02  High Templar  
  126  12:11  Nexus  
  122  12:17  Observer (Chrono Boost)  
  121  12:26  Adept x3  
  127  12:31  High Templar  
  129  12:41  Nexus  
  129  13:06  Pylon  
  129  13:08  Pylon  
  125  13:38  Archon  
  119  13:42  High Templar x2  
  119  13:43  High Templar x2  
  119  13:44  Adept  
  119  13:45  Warp Prism (Chrono Boost)  
  91  14:42  Adept x5  
  81  14:47  Warp Prism (Chrono Boost)  
  79  14:56  High Templar x2  
  79  14:57  High Templar x2  
  87  15:04  Adept  
  87  15:06  Gateway  
  89  15:07  Gateway  
  89  15:09  Gateway  
  89  15:16  Probe  
  90  15:26  Observer (Chrono Boost)  
  90  15:28  Adept, Probe  
  92  15:29  Adept x4  
  92  15:34  Probe  
  101  15:40  Probe  
  102  15:43  Nexus  
  102  15:44  Pylon, Probe  
  103  15:50  High Templar  
  103  15:51  High Templar  
  103  15:54  Probe  
  103  15:55  Probe  
  109  16:02  Adept x4  
  117  16:10  Observer (Chrono Boost)  
  118  16:26  Adept x2  
  114  16:47  Adept x4  
  114  16:48  Adept  
  122  17:24  Nexus  
  118  17:41  High Templar x2, Adept x3  
  128  17:45  Archon  
  128  17:49  Observer (Chrono Boost)  
  123  18:25  Adept x2  
  123  18:26  Adept  
  113  18:49  High Templar  
  95  19:02  Adept  
Tags
 
Add a new tag
Caveats
  • Supply blocks, unpowered buildings, or Contaminate may cause inaccurate times.
  • Supply counts are checked every 10 seconds.